 Dungeon Crawl Stone Soup version 0.18-a0-888-g17a9b31 (webtiles) character file.

64 Jmtri7 the Charlatan (level 4, 22/29 HPs)
             Began as a Lacertilian Artificer on Jan 1, 2016.
             Starved to death
             ... on level 4 of the Dungeon.
             The game lasted 00:08:59 (1668 turns).

Jmtri7 the Charlatan (Lacertilian Artificer)        Turns: 1668, Time: 00:08:59

Health: 22/29      AC: 13    Str: 11    XL:     4   Next: 12%
Magic:  5/5        EV:  5    Int: 12    God:
Gold:   131        SH:  0    Dex: 15    Spells: 0 memorised, 3 levels left

rFire  . . .     SeeInvis .     x - +0 spear
rCold  . . .     Gourm    .     h - +0 chain mail
rNeg   . . .     Faith    +     (no shield)
rPois  .         Spirit   .     (no helmet)
rElec  .         Dismiss  .     (no cloak)
rCorr  .         Reflect  .     m - +0 pair of gloves
SustAt .         Harm     .     s - +0 pair of boots
MR     .....                    (no amulet)
Stlth  ..........               (no ring)
                                (no ring)

@: fainting, not resistant to hostile enchantments, extremely unstealthy
A: faith, no wrath for changing religions, slimy green scales 2, camouflage 1,
cold-blooded
a: no special abilities


You were on level 4 of the Dungeon.
You were fainting.

You visited 1 branch of the dungeon, and saw 4 of its levels.

You collected 131 gold pieces.

Inventory:

Hand Weapons
 x - a +0 spear (weapon)
Missiles
 i - 39 bolts
 p - 14 poisoned needles
 v - 3 curare-tipped needles
Armour
 h - a +0 chain mail (worn)
 m - a +0 pair of gloves (worn)
 s - a +0 pair of boots (worn)
Wands
 c - a wand of flame (11/48)
 d - a wand of enslavement (15/24)
 e - a wand of random effects (15/48)
Scrolls
 a - a scroll of magic mapping {unknown}
 b - 3 scrolls of identify {unknown}
 j - a scroll of random uselessness {unknown}
 k - 2 scrolls of enchant armour {unknown}
 o - a scroll of fog {unknown}
Potions
 l - 2 potions of curing
 n - 2 potions of lignification {unknown}
 q - a potion of degeneration {unknown}
 u - a potion of resistance {unknown}
Comestibles
 f - 4 bread rations
 g - a meat ration
 r - a royal jelly
 t - 4 fruits


   Skills:
 + Level 1.8 Fighting
   Level 0.7 Short Blades
 + Level 1.6 Armour
 - Level 2.0 Dodging
 - Level 1.2 Stealth
 * Level 3.8 Evocations


You had 3 spell levels left.
You didn't know any spells.

Dungeon Overview and Level Annotations

Branches:
Dungeon (4/15)
 Temple: D:4-7

Altars:

Annotations:
D:3 Sigmund


Innate Abilities, Weirdness & Mutations

You have a strong connection with the divine.
You may change religions without incurring divine wrath.
You are mostly covered in slimy green scales (AC +3).
Your skin changes colour to match your surroundings (Stealth).
You are cold-blooded and may be slowed by cold attacks.


Message History

The adder zombie bites you but does no damage.
You hit the adder zombie but do no damage.
The adder zombie bites you but does no damage.
Zapping:
c - a wand of flame (12/48)
Press: ? - help, Shift-Dir - straight line, f - adder zombie
Aim: an adder zombie The puff of flame hits the adder zombie.
You destroy the adder zombie!
This wand has 11 charges left.
Found a stone staircase leading down.
You lose consciousness!
You can move again.
An iguana comes into view.
The iguana hisses angrily.
Found 4 silver tomahawks.
The iguana bites you but does no damage.
You closely miss the iguana. You tail-slap the iguana.
The iguana is lightly wounded.
You have starved to death.
You die...

.. ##.....#.. ......
##......... >.....##
##..........
......###...........
......##...........
#.................
#.................
#.........@l......
#..<...###.....#..
#......# #######
#........#######
##........## #(.
#......#### ...
#...!...###. ...
###.###...... ...
#.. #.. ..


You could see an iguana.

Vanquished Creatures
  An adder (D:2)
  An adder zombie (D:4)
  2 worms (D:2)
  A giant gecko (D:1)
  3 orcs (D:3)
  2 giant cockroaches
  8 hobgoblins
  2 jackals (D:2)
  7 kobolds
  A quokka (D:3)
  4 bats
  2 giant newts (D:1)
  6 goblins
  3 rats
43 creatures vanquished.

Notes
Turn   | Place    | Note
--------------------------------------------------------------
     0 | D:1      | Jmtri7 the Lacertilian Artificer began the quest for the Orb.
     0 | D:1      | Reached XP level 1. HP: 12/12 MP: 2/2
    52 | D:1      | Reached skill level 1 in Fighting
   191 | D:1      | Reached XP level 2. HP: 18/18 MP: 3/3
   268 | D:1      | You fall through a shaft!
   456 | D:2      | Reached skill level 1 in Armour
   488 | D:2      | Reached XP level 3. HP: 10/23 MP: 4/4
  1486 | D:3      | Reached XP level 4. HP: 22/29 MP: 5/5
  1622 | D:3      | Noticed Sigmund
  1668 | D:4      | Starved to death

Vault maps used:
D:1:      erik_arrival_triangle_medium, hangedman_decor_growths
D:2:      first_bread, serial_glass, glass_columns_a, glass_columns_a,
          glass_columns_a, glass_columns_a, glass_columns_a, glass_columns_a,
          glass_columns_b, glass_columns_b
D:3:      uniq_sigmund
D:4:      kennysheep_mini_moat, uniq_menkaure, uniq_robin

Action                   |  1- 3 |  4- 6 || total
-------------------------+-------+-------++-------
Melee: Short sword       |   237 |    21 ||   258
       Spear             |       |    15 ||    15
       Hand axe          |       |     8 ||     8
Evoke: Wand              |     3 |     1 ||     4
  Use: Potion            |     1 |       ||     1
